AoeStats
← be4thoven

Arena

507813146Analyzed
1v1 RM · 13d ago on Sep 19, 2026· 48m 56s· 2 players
Game mode
Random Map
Map size
Tiny (2 player)
Population
200
Speed
Normal
Resources
Standard
Victory
Conquest
Starting age
Dark Age
Ending age
Imperial Age
RankedLock teamsTeams togetherTeam positionsShared explorationLock speedFull tech treeHidden civsTurbo modeCheats
Victory
Defeat
🇺🇸 Georgians · United States
846
+14
🇩🇪 Mongols · Germany
795
-14
MKNT NavyBlock
7:23 Loom
11:15 Feudal Age
17:58 Castle Age
16:12 Double-Bit Axe
16:18 Horse Collar
16:57 Gold Mining
17:08 Stone Mining
22:56 Wheelbarrow
24:32 Hand Cart
26:45 Redemption
27:10 Bloodlines
27:01 Husbandry
26:56 Fletching
27:07 Padded Archer Armor
32:38 Imperial Age
32:30 Bodkin Arrow
32:41 Scale Barding Armor
32:37 Scale Mail Armor
32:50 Forging
33:47 Aznauri Cavalry
33:40 Cavalier
34:22 Elite Skirmisher
37:15 Svan Towers
37:31 Conscription
36:59 Town Watch
37:41 Chain Barding Armor
37:45 Leather Archer Armor
40:46 Town Patrol
41:42 Elite Monaspa
44:34 Heavy Plow
45:31 Bracer
46:08 Plate Barding Armor
45:49 Chain Mail Armor
46:09 Capped Ram
be4thoven
10:09 Feudal Age
10:35 Double-Bit Axe
10:32 Horse Collar
20:21 Castle Age
18:53 Fletching
20:54 Wheelbarrow
20:51 Scale Barding Armor
21:13 Bow Saw
21:06 Heavy Plow
21:55 Husbandry
22:57 Thumb Ring
25:54 Bloodlines
25:06 Light Cavalry
33:35 Imperial Age
31:25 Hand Cart
31:05 Gold Mining
32:30 Gold Shaft Mining
32:48 Padded Archer Armor
34:17 Bodkin Arrow
34:26 Loom
35:52 Chemistry
37:02 Chain Barding Armor
37:50 Ballistics
38:18 Forging
39:30 Hussar
40:49 Iron Casting
Connection lost

Rejoining the realm…

Still unreachable

The connection could not be restored.

Session expired

The server has moved on; the page needs a fresh start.